 Dungeon Crawl Stone Soup version 0.22.1-1-ga44c0e5 (webtiles) character file.

2224 thomasnlv21 the Cleaver (level 9, 0/79 HPs)
             Began as a Minotaur Berserker on Nov 11, 2018.
             Was an Elder of Trog.
             Succumbed to a gnoll sergeant's poison
             ... on level 7 of the Dungeon.
             The game lasted 00:24:54 (6304 turns).

thomasnlv21 the Cleaver (Minotaur Berserker)        Turns: 6304, Time: 00:24:55

Health: 0/79       AC: 17    Str: 24      XL:     9   Next: 13%
Magic:  7/7        EV: 11    Int:  4      God:    Trog [****..]
Gold:   183        SH:  0    Dex: 10 (11) Spells: 8/8 levels left

rFire    . . .     SeeInvis .   o - +2 hand axe (chop)
rCold    + . .     Gourm    .   (no shield)
rNeg     . . .     Faith    .   y - +7 Kryia's mail coat {PotionHeal*2 rC+}
rPois    .         Spirit   .   (helmet restricted)
rElec    .         Reflect  .   (no cloak)
rCorr    +         Harm     .   (no gloves)
MR       .....                  (no boots)
Stlth    ..........             (no amulet)
HPRegen  0.23/turn              g - ring of resist corrosion
MPRegen  0.10/turn              (no ring)

@: lethally poisoned (0 -> -23)
A: retaliatory headbutt, horns 2, molten scales 1, deterioration 1, low mp 1
a: Berserk, Trog's Hand, Brothers in Arms, Renounce Religion


You were on level 7 of the Dungeon.
You worshipped Trog.
Trog was greatly pleased with you.
You were not hungry.

You visited 2 branches of the dungeon, and saw 8 of its levels.
You also visited: Sewer.

You collected 453 gold pieces.
You spent 270 gold pieces at shops.

Inventory:

Hand Weapons
 o - a +2 hand axe of chopping (weapon)
Armour
 b - a +0 shield
 f - a +1 ring mail
 i - a +0 plate armour
 y - the +7 Kryia's mail coat (worn) {PotionHeal*2 rC+}
   (You found it in a sewer)

   It protects you from cold.
Jewellery
 a - an uncursed ring of positive energy {unknown}
 g - a ring of resist corrosion (left hand)
Wands
 j - a wand of random effects (63)
 l - a wand of flame (22)
 m - a wand of paralysis (12)
 r - a wand of iceblast (8)
 v - a wand of acid (9)
Scrolls
 d - 5 scrolls of fear
 h - 2 scrolls of enchant weapon
 q - a scroll of remove curse
 s - a scroll of teleportation
 t - 2 scrolls of magic mapping
 u - 4 scrolls of identify
 x - a scroll of noise {unknown}
 z - a scroll of amnesia {unknown}
Potions
 e - 6 potions of curing
 k - a potion of berserk rage
 n - a potion of magic
 p - 5 potions of heal wounds
 A - 2 potions of cancellation
 B - a potion of flight
Comestibles
 c - 12 rations


   Skills:
 + Level 7.2 Fighting
 + Level 10.1 Axes
 + Level 8.2 Armour
 + Level 3.6 Dodging
 + Level 1.0 Stealth
 * Level 2.3 Shields


You had 8 spell levels left.
You didn't know any spells.
Your spell library was empty.

Dungeon Overview and Level Annotations

Branches:
Dungeon (7/15)             Temple (1/1) D:4

Altars:
Ashenzari
Cheibriados
Elyvilon
Fedhas
Gozag
Kikubaaqudgha
Makhleb
Nemelex Xobeh
Okawaru
Qazlal
Ru
Trog
Uskayaw
Vehumet
Wu Jian
Yredelemnul
Zin
The Shining One

Shops:
D:5 (   D:6 (*}!!


Innate Abilities, Weirdness & Mutations

You reflexively headbutt those who attack you in melee.
You have a pair of horns on your head.
You are partially covered in molten scales. (AC +2)
Your body sometimes deteriorates upon taking damage.
Your magical capacity is low. (-10% MP)


Message History

You are more poisoned.
The gnoll barely misses you.
The gnoll hits you from afar with a halberd!
* * * LOW HITPOINT WARNING * * *
You hit the gnoll sergeant but do no damage.
The gnoll sergeant is severely wounded.
You hit the gnoll.
* * * LOW HITPOINT WARNING * * *
You feel sick.
The gnoll sergeant hits you with a spear of venom.
* * * LOW HITPOINT WARNING * * *
You are more poisoned.
The gnoll barely misses you. You furiously retaliate!
You headbutt the gnoll, but do no damage.
You hit the gnoll sergeant. You headbutt the gnoll sergeant.
The gnoll sergeant is almost dead.
You hit the gnoll.
You kill the gnoll!
Trog accepts your kill.
You die...

#.....# ##$#..## .
#.....#####..#>..#.#
#..............#...#
###.#..##..........#
#
#............##S.#.#
###...)..#..........
##.....##g.......<
#......#.))......
#####....@g......
#>#..........
#.##.........
#######...... ......
...... ..#.. #.#..


You could see a water moccasin, a gnoll sergeant and a gnoll.

Vanquished Creatures
  Pikel (D:4)
  A troll (D:7)
  An orc warrior (D:7)
  2 slaves (D:4)
  An ice beast (D:7)
  A black bear (D:6)
  3 ogres
  4 bullfrogs
  2 scorpions (D:4)
  A howler monkey (D:7)
  A jelly (D:6)
  2 orc priests (D:3)
  A bullfrog skeleton (D:4)
  4 hounds
  An orc wizard (D:6)
  Ijyb (D:5)
  An iguana (D:5)
  2 worker ants
  Terence (D:3)
  A worker ant zombie (D:5)
  Robin (D:3)
  3 gnolls (D:7)
  7 adders
  4 river rats (D:6)
  A shadow imp (D:6)
  5 worms
  2 dart slugs
  5 leopard geckos
  14 orcs
  6 ball pythons
  6 bats
  14 giant cockroaches
  11 goblins
  10 hobgoblins
  7 jackals (D:1)
  2 quokkas
  4 frilled lizards
  3 kobolds
  A quokka zombie (D:7)
  2 rats
140 creatures vanquished.

Notes
Turn   | Place    | Note
-------+----------+-------------------------------------------
     0 | D:1      | thomasnlv21 the Minotaur Berserker began the quest for the
                  | Orb.
     0 | D:1      | Reached XP level 1. HP: 19/19 MP: 0/0
   155 | D:1      | Reached XP level 2. HP: 27/27 MP: 1/1
   157 | D:1      | Reached skill level 4 in Axes
  1206 | D:2      | Reached XP level 3. HP: 33/33 MP: 2/2
  1431 | D:2      | Reached ** piety under Trog
  1626 | D:2      | Found a sacrificial altar of Ru.
  2145 | D:3      | Reached XP level 4. HP: 41/41 MP: 3/3
  2147 | D:3      | Reached skill level 5 in Axes
  2304 | D:3      | Noticed Robin
  2313 | D:3      | Killed Robin
  2313 | D:3      | Reached XP level 5. HP: 47/47 MP: 4/4
  2314 | D:3      | Noticed Terence
  2328 | D:3      | Killed Terence
  2827 | D:3      | Found a burning altar of Makhleb.
  2925 | D:4      | Reached *** piety under Trog
  2945 | D:4      | Found a radiant altar of Vehumet.
  2968 | D:4      | Noticed an ogre
  2985 | D:4      | Reached skill level 5 in Fighting
  2985 | D:4      | Reached skill level 6 in Axes
  2985 | D:4      | Reached XP level 6. HP: 54/56 MP: 5/5
  3367 | D:4      | Reached skill level 7 in Axes
  3379 | D:4      | Found a staircase to the Ecumenical Temple.
  3393 | Temple   | Entered the Ecumenical Temple
  3758 | D:4      | Reached XP level 7. HP: 59/61 MP: 6/6
  3938 | D:4      | Noticed Pikel
  3951 | D:4      | Killed Pikel
  3951 | D:4      | Reached skill level 8 in Axes
  4214 | D:5      | Entered Level 5 of the Dungeon
  4254 | D:5      | Noticed Ijyb
  4259 | D:5      | Killed Ijyb
  4333 | D:5      | Reached XP level 8. HP: 70/70 MP: 7/7
  4405 | D:5      | Gained mutation: Your body sometimes deteriorates upon
                  | taking damage. [potion of mutation]
  4405 | D:5      | Gained mutation: Your magical capacity is low. (-10% MP)
                  | [potion of mutation]
  4405 | D:5      | Gained mutation: You are partially covered in molten
                  | scales. (AC +2) [potion of mutation]
  4409 | D:5      | Found an ornate altar of the Wu Jian Council.
  4465 | D:5      | Found Lyror's Antique Weapon Shop.
  4615 | D:6      | Found Sugyikh's General Store.
  4635 | D:6      | Bought a potion of heal wounds for 65 gold pieces
  4660 | D:6      | Found Cywaofao's Gadget Boutique.
  4667 | D:6      | Reached skill level 9 in Axes
  4824 | D:6      | Found a glowing drain.
  4833 | Sewer    | Entered a sewer
  5026 | Sewer    | Found the +7 Kryia's mail coat {PotionHeal*2 rC+}
  5080 | Sewer    | Reached skill level 1 in Stealth
  5566 | D:6      | Found Enoegoot's Weapon Boutique.
  5688 | D:6      | Found Yvvocz Faef's Distillery.
  5707 | D:6      | Bought a potion of heal wounds for 55 gold pieces
  5754 | D:6      | Reached skill level 1 in Shields
  5923 | D:6      | Found Mel Load's Distillery.
  5931 | D:6      | Bought a potion of heal wounds for 50 gold pieces
  5931 | D:6      | Bought a potion of heal wounds for 50 gold pieces
  5931 | D:6      | Bought a potion of heal wounds for 50 gold pieces
  6209 | D:7      | Reached **** piety under Trog
  6212 | D:7      | Noticed a troll
  6223 | D:7      | Killed a troll
  6223 | D:7      | Reached skill level 10 in Axes
  6223 | D:7      | Reached XP level 9. HP: 50/79 MP: 7/7
  6303 | D:7      | HP: 2/79 [gnoll sergeant/spear of venom (6)]
  6304 | D:7      | Succumbed to a gnoll sergeant's poison

Skill      XL: |  1  2  3  4  5  6  7  8 |
---------------+-------------------------+-----
Fighting       | 4 5 7 |  7.2
Axes           | 4 5 6 7 8 10 | 10.1
Armour         | 3 4 6 8 |  8.2
Dodging        | 3 |  3.6
Stealth        | 1 |  1.0
Shields        | 2 |  2.3

Action                   |  1- 3 |  4- 6 |  7- 9 || total
-------------------------+-------+-------+-------++-------
Melee: Hand axe          |    70 |    83 |   206 ||   359
       Headbutt          |     5 |    19 |    38 ||    62
Invok: Berserk           |     3 |     1 |     2 ||     6
  Use: Potion            |     5 |     2 |     5 ||    12
       Scroll            |     8 |     1 |       ||     9
  Eat: Chunk             |     5 |     7 |     7 ||    19
       Ration            |       |       |     1 ||     1
Armor: Ring mail         |    17 |       |       ||    17
       Plate armour      |    19 |    32 |    90 ||   141
       Scale mail        |       |       |    25 ||    25
Dodge: Dodged            |    60 |    26 |    87 ||   173
